 Dungeon Crawl Stone Soup version 0.31-a0-1237-gabc64e778c (webtiles) character file.

Game seed: 16353021367031805367

165431 RepHenryClay the Thaumaturge (level 17, -3/133 HPs)
             Began as a Gnoll Wanderer on Dec 15, 2023.
             Was the Champion of Cheibriados.
             Slain by a naga
             ... wielding a +1 war axe of distortion
              (4 damage)
             ... on level 3 of the Snake Pit on Dec 16, 2023.
             The game lasted 01:34:15 (33290 turns).

RepHenryClay the Thaumaturge (Gnoll Wanderer)      Turns: 33290, Time: 01:34:15

Health: -3/133     AC: 28    Str: 32    XL:     17   Next: 87%
Magic:  20/34      EV: 20    Int: 26    God:    Cheibriados [******]
Gold:   1788       SH:  0    Dex: 36    Spells: 31/43 levels left

rFire   + . .        q - +9 shortbow of Makhleb's Grace {flame, rElec Str+3 Dex+3}
rCold   + . .        (shield currently unavailable)
rNeg    . . .        J - +1 chain mail {rPois}
rPois   +            j - +0 helmet
rElec   +            f - +0 cloak
rCorr   +            I - +0 pair of gloves
SInv    .            Q - +1 pair of boots
Will    +....        F - amulet of the acrobat
Stlth   ++++         w - +4 ring of protection
HPRegen 0.42/turn    X - +4 ring of protection
MPRegen 0.24/turn

%: acrobat
@: resistant, weakened, constricted, studying 2 skills, very slow
A: fangs 1, strong nose, distributed training
a: Renounce Religion, Bend Time, Temporal Distortion, Slouch, Step From Time


You were on level 3 of the Snake Pit.
You worshipped Cheibriados.
Cheibriados was exalted by your worship.
You visited 5 branches of the dungeon, and saw 26 of its levels.
You also visited: Sewer, Bailey and Volcano.

You collected 3645 gold pieces.
You spent 1857 gold pieces at shops.

Inventory:

Hand Weapons
 a - a +3 rapier of electrocution
 q - the +9 shortbow of Makhleb's Grace (weapon) {flame, rElec Str+3 Dex+3}
   (You bought it in a shop on level 6 of the Dungeon)

   Str+3:     It affects your strength (+3).
   Dex+3:     It affects your dexterity (+3).
   rElec:     It insulates you from electricity.
 Y - a +2 war axe of flaming
 Z - the +0 dagger of Superiority {antimagic, rCorr Dex+4}
   (You bought it in a shop on level 6 of the Dungeon)

   Dex+4:     It affects your dexterity (+4).
   rCorr:     It protects you from acid and corrosion.
Missiles
 e - 42 boomerangs
 n - 6 curare-tipped darts
 s - 33 poisoned darts
 G - 7 throwing nets
 P - 16 javelins
Armour
 d - the +0 pair of boots of Analysis {-Tele rN+ MP+9 Dex+2}
   (You found it in a volcano)

   Dex+2:     It affects your dexterity (+2).
   rN+:       It protects you from negative energy.
   MP+9:      It affects your magic capacity (+9).
   -Tele:     It prevents most forms of teleportation.
 f - a +0 cloak (worn)
 j - a +0 helmet (worn)
 u - a +3 leather armour of fire resistance
 I - a +0 pair of gloves (worn)
 J - a +1 chain mail of poison resistance (worn)
 Q - a +1 pair of boots (worn)
 S - a +4 plate armour of fire resistance
Magical Staves
 E - the staff "Henuxumo" {rN+ Will++ Int-4 Dex+2 Necro}
   (You found it on level 15 of the Dungeon)

   [staff of death]

   Base accuracy: +5 Base damage: 5 Base attack delay: 1.2 This weapon's minimum
   attack delay (0.6) is reached at skill level 12.
   Int-4:     It affects your intelligence (-4).
   Dex+2:     It affects your dexterity (+2).
   rN+:       It protects you from negative energy.
   Will++:    It greatly increases your willpower.
   Necro:     It increases the power of your Necromancy spells.
   It falls into the 'Staves' category.
   It is a one-handed weapon.
Jewellery
 b - a ring of protection from fire
 p - a +6 ring of dexterity
 w - a +4 ring of protection (left hand)
 y - a ring of resist corrosion
 C - a ring of ice
 F - an amulet of the acrobat (around neck)
 X - a +4 ring of protection (right hand)
Wands
 t - a wand of mindburst (1)
 v - a wand of polymorph (18)
 K - a wand of flame (19)
 L - a wand of acid (5)
 M - a wand of paralysis (18)
 U - a wand of roots (23)
Scrolls
 h - 4 scrolls of silence
 i - 3 scrolls of blinking
 k - 4 scrolls of revelation
 o - 3 scrolls of immolation
 r - 5 scrolls of enchant weapon
 z - 2 scrolls of fog
 D - a scroll of teleportation
 T - 4 scrolls of poison
 W - 2 scrolls of enchant armour
Potions
 c - 3 potions of mutation
 g - 3 potions of cancellation
 l - 3 potions of curing
 m - a potion of heal wounds
 x - 6 potions of brilliance
 B - 4 potions of enlightenment
 H - 4 potions of might
 N - 2 potions of resistance
 O - 4 potions of berserk rage
 R - 2 potions of magic {unknown}
 V - 2 potions of attraction {unknown}


   Skills:
 + Level 11.7 Fighting
 + Level 11.7 Short Blades
 + Level 11.7 Long Blades
 + Level 11.7 Axes
 + Level 13.0 Maces & Flails
 + Level 11.7 Polearms
 + Level 11.7 Staves
 + Level 11.7 Ranged Weapons
 + Level 12.0 Throwing
 + Level 11.7 Armour
 + Level 11.7 Dodging
 + Level 11.7 Stealth
 + Level 11.7 Shields
 + Level 11.7 Unarmed Combat
 + Level 13.6 Spellcasting
 + Level 9.9 Conjurations
 + Level 9.9 Hexes
 + Level 9.9 Summonings
 + Level 9.9 Necromancy
 + Level 9.9 Translocations
 + Level 9.9 Transmutations
 + Level 9.9 Fire Magic
 + Level 13.0 Ice Magic
 + Level 9.9 Air Magic
 + Level 9.9 Earth Magic
 + Level 9.9 Poison Magic
 + Level 12.7 Invocations
 + Level 12.5 Evocations
 + Level 10.8 Shapeshifting


You had 31 spell levels left.
You knew the following spells:

 Your Spells              Type           Power      Damage    Failure   Level
a - Freeze                Ice            100%       1d10      1%          1
b - Olgreb's Toxic Radia  Pois           62%        N/A       1%          4
c - Lesser Beckoning      Tloc           100%       N/A       1%          2
d - Mephitic Cloud        Conj/Pois/Air  62%        N/A       1%          3
Q - Blink                 Tloc           100%       N/A       1%          2

Your spell library contained the following spells:

 Spells                   Type           Power      Damage    Failure   Level
 Magic Dart               Conj           100%       1d8       1%          1
 Shock                    Conj/Air       100%       1d9       1%          1
 Sting                    Tmut/Pois      100%       1d8       1%          1
 Summon Small Mammal      Summ           100%       N/A       1%          1
 Call Imp                 Summ           100%       N/A       1%          2
 Cigotuvi's Dreadful Rot  Necr/Pois/Air  100%       N/A       1%          2
 Momentum Strike          Conj/Tloc      100%       3d10      1%          2
 Poisonous Vapours        Pois/Air       100%       N/A       1%          2
 Static Discharge         Conj/Air       100%       3-8/arc   1%          2
 Call Canine Familiar     Summ           62%        N/A       1%          3
 Dazzling Flash           Conj/Hex       100%       N/A       1%          3
 Frozen Ramparts          Ice            100%       1d16      1%          3
 Ozocubu's Armour         Ice            71%        N/A       1%          3
 Summon Guardian Golem    Hex/Summ       62%        N/A       1%          3
 Swiftness                Air            62%        N/A       1%          3
 Volatile Blastmotes      Fire/Tloc      100%       2d18      1%          3
 Airstrike                Air            31%        2d(5-21)  1%          4
 Passage of Golubria      Tloc           62%        N/A       1%          4
 Petrify                  Tmut/Erth      62%        N/A       1%          4
 Summon Lightning Spire   Summ/Air       62%        N/A       1%          4
 Vhi's Electric Charge    Tloc/Air       100%       N/A       1%          4
 Metabolic Englaciation   Hex/Ice        33%        N/A       2%          5
 Arcjolt                  Conj/Air       31%        1d41      4%          5
 Silence                  Hex/Air        31%        N/A       4%          5
 Simulacrum               Ice/Necr       33%        N/A       13%         6
 Plasma Beam              Fire/Air       31%        2x1d44    24%         6
 Starburst                Conj/Fire      31%        6d9       24%         6
 Ozocubu's Refrigeration  Ice            35%        4d15      36%         7
 Lehudib's Crystal Spear  Conj/Erth      31%        10d8      100%        8
 Maxwell's Capacitive Co  Air            31%        ∞         100%        8


Dungeon Overview and Level Annotations

Branches:
Dungeon (15/15)            Temple (1/1) D:5            Lair (5/5) D:8
 Shoals (0/4) Lair:2        Snake (3/4) Lair:3        Slime (0/5) Lair:5
    Orc (2/2) D:12            Elf (0/3) Orc:2        Vaults (0/5) D:13
 Depths (0/4) D:15          Sewer (visited)          Bailey (visited)
Volcano (visited)

Altars:
Ashenzari
Cheibriados
Dithmenos
Elyvilon
Fedhas
Gozag
Hepliaklqana
Kikubaaqudgha
Makhleb
Nemelex Xobeh
Okawaru
Qazlal
Ru
Sif Muna
Trog
Uskayaw
Vehumet
Wu Jian
Xom
Yredelemnul
Zin
The Shining One
Jiyva

Shops:
D:4 !   D:6 (   D:13 [*   Orc:2 [:*(

Annotations:
Snake:2 3 runed translucent doors, Xerufi's ghost, journeyman FeSh
Snake:3 Aizul; Vashnia


Innate Abilities, Weirdness & Mutations

You have very sharp teeth.
Your uncanny sense of smell can sniff out nearby items.
Your experience applies equally to all skills.


Message History

* * * LOW HITPOINT WARNING * * *
The naga barely misses you. The naga constricts you.
* * * LOW HITPOINT WARNING * * *
The naga warrior hits you from afar with a +0 halberd!
* * * LOW HITPOINT WARNING * * *
Huge Dmg: -23%(-31hp) hp: 13%(16hp) Level annotation: Aizul; Vashnia Welcome back, RepHenryClay the Gnoll Wanderer.
Cheibriados says: Take it easy.
Press ? for a list of commands and other information.
You feel much better.
The salamander tyrant gazes fiercely through you!
You feel as though you will be weak longer.
The salamander hits you from afar with a +0 halberd.
* * * LOW HITPOINT WARNING * * *
You are engulfed in flames.
You resist.
* * * LOW HITPOINT WARNING * * *
The naga closely misses you. The naga constricts you.
* * * LOW HITPOINT WARNING * * *
The naga warrior spits poison at you. The splash of poison hits you.
You resist.
* * * LOW HITPOINT WARNING * * *
A salamander comes into view. It is wielding a +1 trident of venom.
Cast which spell? (? or * to list)
Aiming: Freeze (safe; 1% risk of failure)
Press: ? - help, Shift-Dir - straight line, f - naga
Aim: a naga, wielding a +1 war axe of distortion (severely wounded, constricting you, strong, catching its breath)
Okay, then.
Unknown command.
Activating: Slouch (1% risk of failure)
Press: ? - help, Dir - look around, f - activate You can feel time thicken for a moment.
The salamander hits you from afar with a +0 halberd.
* * * LOW HITPOINT WARNING * * *
You are engulfed in flames!
You resist.
* * * LOW HITPOINT WARNING * * *
The naga hits you with a +1 war axe of distortion!
* * * LOW HITPOINT WARNING * * *
Space warps around you.
You die...

####### #./...#
#.)@..#
##..N..#
...NN####
####N###
###N...#
#......#
#......#
########.N...##
#..≈....N#...#


You could see a naga warrior (catching breath), a salamander tyrant, 3
salamanders and a naga (strong, catching breath).

Vanquished Creatures
  Jorgrun (Snake:2)
  An orc warlord (Orc:1)
  An ettin (D:15)
  Josephine (D:12)
  Harold (D:9)
  2 ogre magi
  7 hydras
  2 catoblepae
  13 anacondas
  6 centaur warriors
  A dancing weapon (Volcano)
  9 two-headed ogres
  3 boulder beetles
  3 tengu warriors
  3 naga warriors
  2 naga sharpshooters
  2 orc high priests (Orc:1)
  2 occultists
  7 shock serpents
  8 death yaks (Lair:5)
  Nergalle (D:12)
  6 skeletal warriors
  3 skysharks
  The ghost of RockinRobin the Chopper, a novice VSCj of Dithmenos (D:9)
  An arcanist (D:15)
  A necromancer (D:15)
  4 naga ritualists
  2 wolf spider zombies (D:15)
  3 lindwurms
  3 orc knights
  3 harpies (D:14)
  8 mana vipers
  7 ugly things
  8 orc sorcerers
  6 salamanders
  2 cyclopes
  2 deep elf pyromancers
  2 manticores
  2 wolf spiders (Lair:5)
  5 toenail golems (Volcano)
  The ghost of benadryl the Chopper, a novice GrFi of the Shining One (D:4)
  A kobold blastminer (Orc:2)
  12 elephants
  5 centaur zombies (D:15)
  26 black mambas
  5 naga magi
  A molten gargoyle (D:15)
  9 cane toads
  2 torpor snails (Lair:5)
  A kobold demonologist (D:12)
  7 rime drakes
  6 komodo dragons
  2 yaktaurs (D:15)
  A freezing wraith (D:15)
  3 merfolk (Lair:2)
  A polar bear (Lair:5)
  4 hornets
  3 trolls
  A meliai zombie (D:15)
  9 blink frogs
  17 dream sheep
  A centaur simulacrum (D:14)
  3 slime creatures
  Sigmund (D:2)
  An air elemental (D:13)
  A vampire (D:15)
  9 wraiths
  5 wyverns
  2 shadows
  A culicivora (shapeshifter) (D:9)
  5 basilisks
  Eustachio (D:5)
  29 yaks
  4 humans (Volcano)
  2 fire elementals
  4 vampire mosquitoes (D:11)
  7 nagas
  17 water moccasins
  33 orc warriors
  3 black bears
  A sky beast (D:6)
  7 ogres
  4 boggarts (D:15)
  23 wolves
  9 centaurs
  2 phantoms
  4 kobold brigands
  A gnoll sergeant (D:8)
  23 bullfrogs
  An earth elemental (D:13)
  4 scorpions
  19 wights
  6 killer bees (D:9)
  8 howler monkeys
  6 electric eels
  3 lava snakes (Lair:3)
  10 hounds
  8 jellies
  21 orc priests
  2 gnoll boudas
  Ijyb (D:4)
  A sleepcap (D:5)
  5 iguanas
  23 orc wizards
  7 hell rats
  24 gnolls
  6 adders
  2 river rats (Sewer)
  A shadow imp (D:5)
  4 white imps
  4 worms
  7 dart slugs
  49 orcs
  4 bats
  5 endoplasms
  2 giant cockroaches (D:4)
  8 hobgoblins
  4 jackals (D:3)
  3 quokkas
  8 ball pythons
  A frilled lizard (D:2)
  12 goblins
  26 kobolds
  6 rats
766 creatures vanquished.

Vanquished Creatures (others)
  A water elemental (D:13)
  An orc priest (Orc:1)
  A boggart zombie (D:15)
  2 orc wizards
  An orc (Orc:1)
6 creatures vanquished.

Grand Total: 772 creatures vanquished

Notes
Turn   | Place    | Note
-------+----------+-------------------------------------------
     0 | D:1      | RepHenryClay the Gnoll Wanderer began the quest for the
                  | Orb.
     0 | D:1      | RepHenryClay set off with the following items: a +0 dagger,
                  | 8 boomerangs, a potion of mutation, a +0 leather armour;
                  | and the following spell memorised: Freeze; and the
                  | following spells available to memorise: Frozen Ramparts,
                  | Ozocubu's Armour, Cigotuvi's Dreadful Rot, Static
                  | Discharge.
     0 | D:1      | Reached XP level 1. HP: 13/13 MP: 8/8
   105 | D:1      | Found a faded altar of an unknown god.
   226 | D:1      | Reached XP level 2. HP: 19/19 MP: 10/10
  1061 | D:2      | Noticed Sigmund
  1262 | D:2      | Reached XP level 3. HP: 25/25 MP: 11/11
  1530 | D:2      | Reached skill level 1 in Invocations
  1557 | D:2      | Reached skill level 1 in Fighting
  1557 | D:2      | Reached skill level 1 in Short Blades
  1557 | D:2      | Reached skill level 1 in Long Blades
  1557 | D:2      | Reached skill level 1 in Axes
  1557 | D:2      | Reached skill level 1 in Maces & Flails
  1557 | D:2      | Reached skill level 1 in Polearms
  1557 | D:2      | Reached skill level 1 in Staves
  1557 | D:2      | Reached skill level 1 in Ranged Weapons
  1557 | D:2      | Reached skill level 1 in Armour
  1557 | D:2      | Reached skill level 1 in Dodging
  1557 | D:2      | Reached skill level 1 in Stealth
  1557 | D:2      | Reached skill level 1 in Shields
  1557 | D:2      | Reached skill level 1 in Unarmed Combat
  1667 | D:2      | Reached skill level 1 in Shapeshifting
  1667 | D:2      | Reached XP level 4. HP: 9/32 MP: 13/13
  1914 | D:3      | Noticed a black bear
  1940 | D:3      | Killed a black bear
  1941 | D:3      | Reached skill level 1 in Conjurations
  1941 | D:3      | Reached skill level 1 in Hexes
  1941 | D:3      | Reached skill level 1 in Summonings
  1941 | D:3      | Reached skill level 1 in Necromancy
  1941 | D:3      | Reached skill level 1 in Translocations
  1941 | D:3      | Reached skill level 1 in Transmutations
  1941 | D:3      | Reached skill level 1 in Fire Magic
  1941 | D:3      | Reached skill level 1 in Air Magic
  1941 | D:3      | Reached skill level 1 in Earth Magic
  1941 | D:3      | Reached skill level 1 in Poison Magic
  1941 | D:3      | Reached XP level 5. HP: 9/37 MP: 14/14
  2140 | D:3      | Found a glowing silver altar of Zin.
  2537 | D:4      | Found Qegea's Distillery.
  2548 | D:4      | Bought 2 potions of curing for 84 gold pieces
  2548 | D:4      | Noticed Ijyb
  2565 | D:4      | Killed Ijyb
  2566 | D:4      | Reached XP level 6. HP: 27/44 MP: 16/16
  2650 | D:4      | Found a radiant altar of Vehumet.
  2765 | D:4      | Reached skill level 5 in Evocations
  3106 | D:4      | Found a transporter.
  3123 | D:4      | Reached XP level 7. HP: 50/50 MP: 18/18
  3178 | D:4      | Found a glowing drain.
  3195 | Sewer    | Entered a sewer
  3425 | D:4      | Found a blossoming altar of Fedhas.
  3458 | D:5      | Entered Level 5 of the Dungeon
  3778 | D:5      | Found a staircase to the Ecumenical Temple.
  3802 | Temple   | Entered the Ecumenical Temple
  3808 | Temple   | Became a worshipper of Cheibriados the Contemplative
  3983 | D:5      | Reached XP level 8. HP: 57/57 MP: 19/19
  4318 | D:5      | Noticed Eustachio
  4328 | D:5      | Killed Eustachio
  4762 | D:6      | Found a hazy altar of Hepliaklqana.
  5148 | D:6      | Reached * piety under Cheibriados
  5245 | D:6      | Found Ciwawk's Antique Weapon Shop.
  5493 | D:7      | Reached XP level 9. HP: 64/65 MP: 21/21
  6120 | D:7      | Reached skill level 5 in Throwing
  6254 | D:7      | Reached ** piety under Cheibriados
  6811 | D:8      | Reached skill level 5 in Invocations
  6918 | D:8      | Found a staircase to the Lair.
  6922 | D:8      | HP: 3/66 [orc priest/divine providence (9)]
  7565 | D:8      | Reached XP level 10. HP: 73/73 MP: 22/22
  7612 | D:8      | Reached skill level 5 in Fighting
  7612 | D:8      | Reached skill level 5 in Short Blades
  7612 | D:8      | Reached skill level 5 in Long Blades
  7612 | D:8      | Reached skill level 5 in Axes
  7612 | D:8      | Reached skill level 5 in Maces & Flails
  7612 | D:8      | Reached skill level 5 in Polearms
  7612 | D:8      | Reached skill level 5 in Staves
  7612 | D:8      | Reached skill level 5 in Ranged Weapons
  7612 | D:8      | Reached skill level 5 in Armour
  7612 | D:8      | Reached skill level 5 in Dodging
  7612 | D:8      | Reached skill level 5 in Stealth
  7612 | D:8      | Reached skill level 5 in Shields
  7612 | D:8      | Reached skill level 5 in Unarmed Combat
  7838 | D:8      | Noticed a deep elf pyromancer
  7851 | D:8      | Killed a deep elf pyromancer
  7962 | D:8      | Reached *** piety under Cheibriados
  8030 | D:8      | Noticed a two-headed ogre
  8041 | D:8      | Killed a two-headed ogre
  8109 | D:8      | Paralysed by a hornet for 1 turns
  8120 | D:8      | Reached skill level 5 in Shapeshifting
  8781 | D:2      | Killed Sigmund
  9354 | D:4      | Noticed benadryl's ghost (novice GrFi)
  9368 | D:4      | Found a transporter.
  9867 | D:9      | Reached **** piety under Cheibriados
  9906 | D:9      | Noticed a two-headed ogre
  9908 | D:9      | Found a flagged portal.
  9918 | D:9      | Killed a two-headed ogre
  9919 | D:9      | Reached skill level 5 in Conjurations
  9919 | D:9      | Reached skill level 5 in Hexes
  9919 | D:9      | Reached skill level 5 in Summonings
  9919 | D:9      | Reached skill level 5 in Necromancy
  9919 | D:9      | Reached skill level 5 in Translocations
  9919 | D:9      | Reached skill level 5 in Transmutations
  9919 | D:9      | Reached skill level 5 in Fire Magic
  9919 | D:9      | Reached skill level 5 in Air Magic
  9919 | D:9      | Reached skill level 5 in Earth Magic
  9919 | D:9      | Reached skill level 5 in Poison Magic
  9919 | D:9      | Reached XP level 11. HP: 69/81 MP: 24/24
 10012 | Bailey   | Entered a bailey
 10422 | Bailey   | Learned a level 2 spell: Blink
 10425 | Bailey   | Learned a level 2 spell: Lesser Beckoning
 10457 | D:9      | Reached ***** piety under Cheibriados
 10471 | D:9      | Noticed RockinRobin's ghost (novice VSCj)
 10483 | D:9      | Noticed a salamander
 10494 | D:9      | Noticed Harold
 10505 | D:9      | Killed Harold
 10706 | D:9      | Found a runed translucent gate.
 10707 | D:9      | Found a runed translucent gate.
 10708 | D:9      | Found a runed translucent gate.
 10999 | D:9      | Noticed a two-headed ogre
 11010 | D:9      | Killed a two-headed ogre
 11513 | D:10     | Entered Level 10 of the Dungeon
 11925 | D:10     | Found a sparkling altar of Nemelex Xobeh.
 11926 | D:10     | Found a shimmering altar of Xom.
 11927 | D:10     | Found an iron altar of Okawaru.
 11928 | D:10     | Found a broken altar of Ashenzari.
 11928 | D:10     | Found an ornate altar of the Wu Jian Council.
 11928 | D:10     | Found a glowing golden altar of the Shining One.
 12350 | D:11     | Noticed a cyclops
 12372 | D:11     | Killed a cyclops
 13072 | D:11     | Learned a level 3 spell: Mephitic Cloud
 13139 | D:12     | Reached skill level 10 in Spellcasting
 13152 | D:12     | Found a staircase to the Orcish Mines.
 13223 | D:12     | Identified the +0 chain mail of Immix {+Blink rPois Will-
                  | Int+3}
 13242 | D:12     | Noticed a cyclops
 13250 | D:12     | Killed a cyclops
 13362 | D:12     | Reached XP level 12. HP: 89/89 MP: 26/26
 13446 | D:12     | Noticed a boulder beetle
 13459 | D:12     | Killed a boulder beetle
 13500 | D:12     | Noticed Nergalle
 13687 | D:12     | Found a viscous altar of Jiyva.
 13904 | D:12     | Noticed Josephine
 13917 | D:12     | Killed Josephine
 14300 | Orc:1    | Entered Level 1 of the Orcish Mines
 14390 | Orc:1    | Found a dark tunnel.
 14427 | Volcano  | Entered a volcano
 14431 | Volcano  | Noticed a soul eater
 14602 | Volcano  | Noticed an occultist
 14707 | Volcano  | Noticed an occultist
 14740 | Volcano  | Killed an occultist
 14774 | Volcano  | Identified the +0 pair of boots of Analysis {-Tele rN+ MP+9
                  | Dex+2}
 15111 | Orc:2    | Entered Level 2 of the Orcish Mines
 15251 | Orc:2    | Reached ****** piety under Cheibriados
 15413 | Orc:2    | Noticed a two-headed ogre
 15531 | Orc:1    | Killed a two-headed ogre
 15816 | Orc:2    | Noticed an ogre mage
 15821 | Orc:2    | Noticed a two-headed ogre
 15821 | Orc:2    | Noticed a two-headed ogre
 15844 | Orc:1    | Reached XP level 13. HP: 79/98 MP: 27/27
 16387 | Orc:1    | Reached skill level 10 in Ice Magic
 16558 | Orc:2    | Paralysed by an orc sorcerer for 4 turns
 16564 | Orc:1    | Paralysed by an orc sorcerer for 2 turns
 16644 | Orc:2    | Noticed an orc warlord
 16656 | Orc:1    | Killed an orc warlord
 17250 | Orc:2    | Found a staircase to the Elven Halls.
 17584 | Orc:2    | Found Ihehei's General Store.
 17600 | Orc:2    | Found Madumeymn's Antique Weapon Emporium.
 17754 | Orc:2    | Found Jetaf's Book Emporium.
 17835 | Orc:2    | Found Huemess's Antique Armour Emporium.
 17841 | Orc:2    | Bought a glowing scarf for 240 gold pieces
 18103 | D:6      | Bought a smouldering shortbow for 248 gold pieces
 18103 | D:6      | Identified the +9 shortbow of Makhleb's Grace {flame, rElec
                  | Str+3 Dex+3} (You bought it in a shop on level 6 of the
                  | Dungeon)
 18103 | D:6      | Bought a sapphire dagger for 217 gold pieces
 18103 | D:6      | Identified the +0 dagger of Superiority {antimagic, rCorr
                  | Dex+4} (You bought it in a shop on level 6 of the Dungeon)
 18172 | Lair:1   | Entered Level 1 of the Lair of Beasts
 18466 | Lair:1   | Reached skill level 10 in Evocations
 19210 | Lair:1   | Reached XP level 14. HP: 105/108 MP: 29/29
 19462 | Lair:2   | Reached skill level 10 in Invocations
 20043 | Lair:2   | Found a staircase to the Shoals.
 20458 | Lair:3   | Found a staircase to the Snake Pit.
 21327 | Lair:4   | Reached skill level 10 in Throwing
 21898 | Lair:5   | Entered Level 5 of the Lair of Beasts
 22730 | Lair:5   | Reached XP level 15. HP: 48/115 MP: 28/31
 23064 | Lair:5   | Reached skill level 10 in Fighting
 23064 | Lair:5   | Reached skill level 10 in Short Blades
 23064 | Lair:5   | Reached skill level 10 in Long Blades
 23064 | Lair:5   | Reached skill level 10 in Axes
 23064 | Lair:5   | Reached skill level 10 in Maces & Flails
 23064 | Lair:5   | Reached skill level 10 in Polearms
 23064 | Lair:5   | Reached skill level 10 in Staves
 23064 | Lair:5   | Reached skill level 10 in Ranged Weapons
 23064 | Lair:5   | Reached skill level 10 in Armour
 23064 | Lair:5   | Reached skill level 10 in Dodging
 23064 | Lair:5   | Reached skill level 10 in Stealth
 23064 | Lair:5   | Reached skill level 10 in Shields
 23064 | Lair:5   | Reached skill level 10 in Unarmed Combat
 23361 | Lair:5   | Found a staircase to the Slime Pits.
 24508 | D:4      | Killed benadryl's ghost
 24823 | D:9      | Killed RockinRobin's ghost
 25143 | D:12     | Killed Nergalle
 25220 | D:13     | Found Nick's Antique Armour Shoppe.
 25487 | D:13     | Found Konya's General Store.
 25496 | D:13     | Bought a potion of might for 48 gold pieces
 25496 | D:13     | Bought a manual of Maces & Flails for 960 gold pieces
 25496 | D:13     | Bought a potion of heal wounds for 60 gold pieces
 25537 | D:13     | Found a large runed translucent door.
 25537 | D:13     | Found a large runed translucent door.
 25673 | D:13     | Found a gate to the Vaults.
 26181 | D:13     | Paralysed by an air elemental for 1 turns
 27007 | D:14     | Reached XP level 16. HP: 124/124 MP: 32/32
 27606 | D:15     | Entered Level 15 of the Dungeon
 27939 | D:15     | Found a staircase to the Depths.
 27987 | D:15     | Reached skill level 10 in Shapeshifting
 28103 | D:15     | Learned a level 4 spell: Olgreb's Toxic Radiance
 28435 | D:15     | Reached XP level 17. HP: 131/131 MP: 32/34
 28439 | D:15     | Paralysed by an ogre mage for 5 turns
 28507 | D:15     | Identified the staff "Henuxumo" {rN+ Will++ Int-4 Dex+2
                  | Necro}
 30605 | Snake:1  | Entered Level 1 of the Snake Pit
 31855 | Snake:2  | Identified the +0 leather armour "Ifrusagi" {+Blink Slay+2}
 31938 | Snake:2  | Found a runed translucent gate.
 31939 | Snake:2  | Found a runed translucent gate.
 31941 | Snake:2  | Found a runed translucent gate.
 31943 | Snake:2  | Noticed Xerufi's ghost (journeyman FeSh)
 32624 | Snake:2  | Noticed Jorgrun
 32646 | Snake:2  | Killed Jorgrun
 32931 | Snake:3  | Identified the serpent talisman "Plog" {rF+ rN+++ rCorr
                  | Int-5}
 32931 | Snake:3  | Noticed Aizul
 32978 | Snake:3  | Found a shimmering blue altar of Sif Muna.
 33261 | Snake:3  | Noticed Vashnia
 33275 | Snake:3  | HP: 2/133 [salamander tyrant (48)]
 33290 | Snake:3  | HP: 1/133 [naga/+1 war axe of distortion (14)]
 33290 | Snake:3  | Slain by a naga

Illustrated notes

Levels and vault maps discovered:
D:1:      scummos_arrival_gate, layout_basic, shapermc_ecumenical_altar_gd
D:2:      layout_basic, uniq_sigmund
D:3:      layout_rooms, zin_treasury
D:4:      layout_basic, nicolae_vehumet_radiance,
          mainiacjoe_overflow_concentric_impassable,
          gammafunk_ghost_gnarly_gnolls, cheibrodos_sewer_entry_bend,
          nicolae_stop_n_shop_1, kennysheep_small_circle, uniq_ijyb
D:5:      lemuel_ice_spiral_2, layout_basic,
          minmay_temple_entry_statues_fountains, uniq_eustachio
D:6:      layout_cave_pools, mainiacjoe_overflow_surrounded_room, serial_shops,
          nicolae_shop_rolling_square, mrwooster_statue_mirror,
          water_maze_lemuel
D:7:      layout_cave_pools
D:8:      layout_rooms, due_lair_maze_entry_diamond, serial_co_window_serial,
          co_window_corner_a, co_window_corner_a, co_window_of_opportunity_a,
          co_window_of_opportunity_a, co_window_paths_a, co_window_corner_b,
          co_window_broadway_b, co_window_unsneaky_path_b, co_window_paths_c,
          co_window_unsneaky_path_b, glass_columns_b, glass_columns_a,
          glass_columns_a, glass_columns_c, guppyfry_early_elven_hall
D:9:      layout_stronghold, enter_bailey_4, gammafunk_ghost_split,
          nrook_pool_corridor, uniq_harold
D:10:     layout_loops_ring, grunt_temple_overflow_open, minivault_16,
          chequers_serial_rivers_micro_b
D:11:     hellmonk_crumbling_castle, layout_gridville
D:12:     minmay_evil_eye, layout_irregular_city, glass_columns_b,
          jiyva_altar_1, uniq_nergalle, uniq_josephine
D:13:     layout_irregular_city, hellmonk_vaults_attempted_burglary,
          serial_shops, shop, shop, lightli_elemental_guards
D:14:     layout_loops_corners, minmay_misc_feat_x
D:15:     hangedman_depths_entry_civil_slaughter, layout_basic, serial_undead,
          serial_undead_b, serial_undead_c, serial_undead_d, serial_undead_f,
          minmay_mirror_moons_of_madness
Temple:   nicolae_temple_no_exploring_needed
Lair:1:   layout_chaotic_city, infiniplex_staircase_pool_2
Lair:2:   beast_lair_carwin_large_3, layout_regular_city,
          mainiacjoe_shoals_entry_four_pools, eino_small_chamber_without_monster
Lair:3:   layout_hall_layers, nicolae_snake_entry_warm_welcome, st_stairs_8,
          lemuel_fruit_tree
Lair:4:   layout_roguey, serial_bayou_shore_a, serial_bayou_shore_b,
          serial_bayou_shore_b, grunt_megastairs_2, serial_bayou_shore_b
Lair:5:   hangedman_lair_in_review, layout_cave_pods, slime_entry_1
Snake:1:  layout_onion, grunt_megastairs_3
Snake:2:  layout_misc_corridors, ebering_ghost_rock_garden, uniq_jorgrun
Snake:3:  nicolae_aizul_guard, layout_misc_corridors, basic_altar,
          ebering_ghost_rock_garden, minmay_shop_grove, uniq_vashnia
Orc:1:    layout_caves, nicolae_volcano_entry_s_turn
Orc:2:    grunt_orc_cross, layout_caves

Skill      XL: |  1  2  3  4  5  6  7  8  9 10 11 12 13 14 15 16 17 |
---------------+----------------------------------------------------+-----
Invocations    | 1 2 3 4 5 6 7 8 9 10 11 12 | 12.7
Fighting       | 1 2 3 4 6 7 9 10 11 | 11.7
Short Blades   | 1 2 3 4 6 7 9 10 11 | 11.7
Long Blades    | 1 2 3 4 6 7 9 10 11 | 11.7
Axes           | 1 2 3 4 6 7 9 10 11 | 11.7
Maces & Flails | 1 2 3 4 6 7 9 11 13 | 13.0
Polearms       | 1 2 3 4 6 7 9 10 11 | 11.7
Staves         | 1 2 3 4 6 7 9 10 11 | 11.7
Ranged Weapons | 1 2 3 4 6 7 9 10 11 | 11.7
Armour         | 1 2 3 4 6 7 9 10 11 | 11.7
Dodging        | 1 2 3 4 6 7 9 10 11 | 11.7
Stealth        | 1 2 3 4 6 7 9 10 11 | 11.7
Shields        | 1 2 3 4 6 7 9 10 11 | 11.7
Unarmed Combat | 1 2 3 4 6 7 9 10 11 | 11.7
Shapeshifting  | 1 2 3 4 5 6 7 8 9 10 | 10.8
Throwing       | 3 4 5 6 7 8 9 10 11 12 | 12.0
Conjurations   | 1 2 3 4 5 6 7 8 9 |  9.9
Hexes          | 1 2 3 4 5 6 7 8 9 |  9.9
Summonings     | 1 2 3 4 5 6 7 8 9 |  9.9
Necromancy     | 1 2 3 4 5 6 7 8 9 |  9.9
Translocations | 1 2 3 4 5 6 7 8 9 |  9.9
Transmutations | 1 2 3 4 5 6 7 8 9 |  9.9
Fire Magic     | 1 2 3 4 5 6 7 8 9 |  9.9
Air Magic      | 1 2 3 4 5 6 7 8 9 |  9.9
Earth Magic    | 1 2 3 4 5 6 7 8 9 |  9.9
Poison Magic   | 1 2 3 4 5 6 7 8 9 |  9.9
Evocations     | 5 6 7 8 9 10 11 12 | 12.5
Spellcasting   | 8 9 10 11 12 13 | 13.6
Ice Magic      | 8 9 10 11 12 13 | 13.0

Action                     |  1- 3 |  4- 6 |  7- 9 | 10-12 | 13-15 | 16-18 || total
---------------------------+-------+-------+-------+-------+-------+-------++-------
  Melee: Dagger            |   178 |     3 |       |       |       |       ||   181
         Bite              |    19 |    13 |    38 |   154 |    41 |       ||   265
         Punch             |     1 |     2 |    12 |       |       |       ||    15
         Flail             |       |   127 |   127 |       |       |       ||   254
         Rapier            |       |       |   209 |   901 |   239 |       ||  1349
         War axe           |       |       |       |       |     4 |       ||     4
         Shortbow          |       |       |       |       |       |     1 ||     1
   Fire: Shortbow          |       |       |       |       |   992 |   721 ||  1713
  Throw: Boomerang         |    23 |     1 |     5 |       |       |       ||    29
         Javelin           |     2 |       |     2 |     5 |       |       ||     9
         Dart              |       |     6 |    22 |    26 |    10 |    18 ||    82
   Cast: Lesser Beckoning  |       |       |       |     6 |    17 |       ||    23
         Mephitic Cloud    |       |       |       |     4 |    20 |     3 ||    27
         Blink             |       |       |       |       |    21 |    10 ||    31
 Invoke: Bend Time         |       |       |       |     6 |    10 |     2 ||    18
         Slouch            |       |       |       |       |       |     3 ||     3
  Evoke: Wand              |       |       |     4 |    14 |       |       ||    18
    Use: Potion            |     2 |     2 |     3 |     8 |     5 |     6 ||    26
         Scroll            |       |     6 |     3 |    13 |    13 |     6 ||    41
   Stab: Invisible         |       |     1 |       |       |       |       ||     1
         Sleeping          |       |     3 |     2 |     3 |       |       ||     8
         Distracted        |       |       |     1 |       |       |       ||     1
         Confused          |       |       |       |     2 |     9 |       ||    11
 Armour: Leather armour    |    99 |   115 |   259 |    71 |       |       ||   544
         Chain mail        |       |       |       |   348 |       |   190 ||   538
         Plate armour      |       |       |       |    81 |   834 |   232 ||  1147
  Dodge: Dodged            |   103 |   108 |   192 |   445 |   970 |   583 ||  2401
  Block: Kite shield       |       |       |    39 |   772 |   196 |       ||  1007

Table legend: (Time is in decaauts)
 A = Elapsed time spent in this place.
 B = Non-inter-level travel time spent in this place.
 C = Inter-level travel time spent in this place.
 D = Time resting spent in this place.
 E = Time spent auto-exploring this place.
 F = Levels seen in this place.
 G = Mean time per level.
                   A        B        C        D        E       F      G
               +--------+--------+--------+--------+--------+-----+--------+
         Total |  48122 |  43103 |   5019 |   3777 |  31328 |  29 | 1659.4 |
       Dungeon |  28346 |  24599 |   3747 |   1605 |  18778 |  15 | 1889.7 |
        Temple |     14 |      2 |     12 |      0 |      0 |   1 |   14.0 |
          Lair |  10533 |   9831 |    702 |    657 |   7649 |   5 | 2106.6 |
     Snake Pit |   3758 |   3392 |    366 |    291 |   2407 |   3 | 1252.7 |
  Orcish Mines |   4018 |   3827 |    191 |   1223 |   1653 |   2 | 2009.0 |
         Sewer |    110 |    110 |      0 |      0 |     21 |   1 |  110.0 |
        Bailey |    617 |    617 |      0 |      0 |    410 |   1 |  617.0 |
       Volcano |    721 |    721 |      0 |      0 |    408 |   1 |  721.0 |
               +--------+--------+--------+--------+--------+-----+--------+

Top non-repeatable levels by time:
    D:15: 4103 daAuts
  Lair:5: 3715 daAuts
   Orc:1: 2751 daAuts
     D:7: 2388 daAuts
     D:8: 2291 daAuts
    D:13: 2264 daAuts
    D:12: 2237 daAuts
     D:9: 2219 daAuts
    D:14: 1914 daAuts
     D:4: 1905 daAuts
 Snake:1: 1900 daAuts
  Lair:4: 1853 daAuts
  Lair:1: 1787 daAuts
  Lair:2: 1736 daAuts
    D:11: 1578 daAuts
